 Dungeon Crawl Stone Soup version 0.18-a0-1435-gee79d65 (webtiles) character file.

1283 Duffy the Destroyer (level 8, -2/46 HPs)
             Began as a Deep Elf Conjurer on Feb 29, 2016.
             Was a Believer of Cheibriados.
             Slain by a gnoll (3 damage)
             ... on level 6 of the Dungeon.
             The game lasted 00:08:04 (5671 turns).

Duffy the Destroyer (Deep Elf Conjurer)             Turns: 5671, Time: 00:08:04

Health: -2/46      AC:  3    Str: 11    XL:     8   Next: 29%
Magic:  9/20       EV: 16    Int: 29    God:    Cheibriados [**....]
Gold:   221        SH:  0    Dex: 21    Spells: 6 memorised, 2 levels left

rFire  . . .     SeeInvis .     x - +2 dagger (venom)
rCold  . . .     Gourm    .     a - +1 robe
rNeg   . . .     Faith    +     (no shield)
rPois  .         Spirit   .     (no helmet)
rElec  .         Dismiss  .     (no cloak)
rCorr  .         Reflect  .     (no gloves)
SustAt .         Harm     .     (no boots)
MR     +....                    F - amulet of faith
Stlth  ++........               (no ring)
                                o - ring of protection from magic

@: very slightly contaminated, very slow, somewhat resistant to hostile
enchantments, unstealthy
A: no striking features
a: Bend Time, Renounce Religion


You were on level 6 of the Dungeon.
You worshipped Cheibriados.
Cheibriados was pleased with you.
You were not hungry.

You visited 1 branch of the dungeon, and saw 6 of its levels.

You collected 221 gold pieces.


   Skills:
 + Level 3.2 Fighting
 - Level 4.8 Dodging
 - Level 2.4 Stealth
 - Level 7.0 Spellcasting
 + Level 8.1 Conjurations
 - Level 4.0 Charms


You had 2 spell levels left.
You knew the following spells:

 Your Spells              Type           Power        Failure   Level  Hunger
a - Magic Dart            Conj           ####         1%          1    None
c - Iskenderun's Mystic   Conj           ######..     1%          4    ##.....
i - Iskenderun's Battles  Conj/Chrm      #####...     14%         5    ####...
l - Conjure Flame         Conj/Fire      ####....     3%          3    None
n - Fulminant Prism       Conj/Hex       ####......   12%         4    ##.....
s - Searing Ray           Conj           ######       1%          2    None

Inventory:

Hand Weapons
 x - a +2 dagger of venom (weapon)
Missiles
 g - 27 poisoned needles
Armour
 a - a +1 robe (worn)
Jewellery
 o - a ring of protection from magic (left hand)
 F - an amulet of faith (around neck)
 J - an uncursed amulet of magic regeneration {unknown}
Wands
 C - a wand of iceblast (14/15)
Scrolls
 l - 2 scrolls of magic mapping
 n - a scroll of fog
 y - 4 scrolls of recharging
 z - a scroll of random uselessness
 I - 3 scrolls of remove curse
Potions
 e - 4 potions of magic
 j - 3 potions of degeneration
 p - 2 potions of brilliance
 r - 3 potions of mutation
 s - 2 potions of might
 t - 3 potions of curing {unknown}
 u - a potion of lignification
 G - a potion of resistance
Books
 b - a book of Conjurations
 D - a book of Flames
Comestibles
 c - a bread ration
 d - 2 slices of pizza
 k - a meat ration
 q - a royal jelly
 w - 2 beef jerkies

Dungeon Overview and Level Annotations

Branches:
Dungeon (6/15)             Temple (0/1) D:5

Altars:
Cheibriados
Dithmenos
Makhleb
Nemelex Xobeh
Okawaru
Qazlal
Xom
Zin


Message History

Enchant which item? (? for menu, Esc to quit)
Your +0 robe glows green for a moment.
The hungry ghost misses you.
Read which item? (? for menu, Esc to quit)
As you read the scroll labeled QUSTIY ZINUDUPT, it crumbles to dust.
It is a scroll of enchant weapon.
Enchant which weapon? (? for menu, Esc to quit)
Your +1 dagger of venom glows red for a moment.
The hungry ghost misses you.
Read which item? (? for menu, Esc to quit)
As you read the scroll labeled GEQ ZEOMUGO, it crumbles to dust.
You assume a fearsome visage.
The hungry ghost is unaffected.
The orc wizard looks frightened!
The orc looks frightened!
It was a scroll of fear.
Your surroundings suddenly seem different.
The gnoll misses you. x2 6 gnolls and a gnoll shaman come into view.
Read which item? (? for menu, Esc to quit)
As you read the scroll labeled JACONUU SOIQ, it crumbles to dust.
The creatures around you are filled with an inner flame!
It was a scroll of immolation.
The gnoll closely misses you. The gnoll hits you but does no damage.
The gnoll closely misses you.
The gnoll shaman calls upon its god to speed up the gnoll.
The gnoll seems to speed up.
The gnoll closely misses you. The gnoll completely misses you.
The gnoll misses you.
You don't have the energy to cast that spell.
You hit the gnoll but do no damage.
The gnoll is poisoned.
The gnoll barely misses you. The gnoll hits you with a whip.
The gnoll shaman calls upon its god to heal the gnoll.
The gnoll's wounds heal themselves!
The gnoll hits you but does no damage. The gnoll completely misses you.
The gnoll misses you.
Eat which item? (? for menu, Esc to quit)
The gnoll hits you. The gnoll hits you with a whip.
The gnoll hits you from afar with a spear.
The gnoll hits you.
You die...

##........#..###
#..####.........
###..####.........
##########.................
#...........#.####.........
#..........##..# #.########
#.........g###.# #.##...<..
#........gg# #.# #.#..#####
#.......gg@# #.# #.#.####..
#........g.# #.# #.#.......
#.......g..###.###....####.
#..........#.......#..# #.
#..................#.#####.
###.######...........###...
#.# #.............%... #.##
#...........###### #..#
#........).####


You could see a gnoll shaman (inner flame) and 6 gnolls.

Action                   |  1- 3 |  4- 6 |  7- 9 || total
-------------------------+-------+-------+-------++-------
Melee: Dagger            |       |       |     1 ||     1
 Cast: Magic Dart        |    83 |    55 |    31 ||   169
       Searing Ray       |       |    16 |     7 ||    23
       Iskenderun's Batt |       |       |     2 ||     2
  Use: Scroll            |       |       |    19 ||    19
       Potion            |       |       |     1 ||     1
  Eat: Chunk             |     3 |     7 |     2 ||    12
       Bread ration      |       |       |     1 ||     1

Notes
Turn   | Place    | Note
--------------------------------------------------------------
     0 | D:1      | Duffy the Deep Elf Conjurer began the quest for the Orb.
     0 | D:1      | Reached XP level 1. HP: 10/10 MP: 6/6
   459 | D:1      | Reached XP level 2. HP: 15/15 MP: 6/8
   463 | D:1      | Learned a level 2 spell: Searing Ray
  1041 | D:2      | Reached skill level 4 in Spellcasting
  1041 | D:2      | Reached skill level 5 in Conjurations
  1041 | D:2      | Reached XP level 3. HP: 16/19 MP: 5/10
  1084 | D:2      | Found a faded altar to an unknown god.
  1261 | D:2      | Found a shadowy altar of Dithmenos.
  1316 | D:2      | Found a shimmering altar of Xom.
  1419 | D:2      | Found a stormy altar of Qazlal.
  2118 | D:3      | Reached XP level 4. HP: 21/24 MP: 5/12
  2406 | D:3      | Found a burning altar of Makhleb.
  2412 | D:3      | Reached skill level 5 in Spellcasting
  2474 | D:3      | Learned a level 4 spell: Iskenderun's Mystic Blast
  2479 | D:3      | Learned a level 4 spell: Fulminant Prism
  2578 | D:4      | Noticed Ijyb
  2593 | D:4      | Killed Ijyb
  2826 | D:4      | Reached XP level 5. HP: 28/28 MP: 12/15
  2871 | D:4      | Found a snail-covered altar of Cheibriados.
  2878 | D:4      | Became a worshipper of Cheibriados the Contemplative
  3273 | D:4      | Reached skill level 6 in Conjurations
  3587 | D:5      | Entered Level 5 of the Dungeon
  3602 | D:5      | Found a sparkling altar of Nemelex Xobeh.
  3701 | D:5      | Found a staircase to the Ecumenical Temple.
  3773 | D:5      | Found a glowing silver altar of Zin.
  3834 | D:5      | Reached skill level 6 in Spellcasting
  3859 | D:5      | Reached * piety under Cheibriados
  3948 | D:5      | Learned a level 5 spell: Iskenderun's Battlesphere
  4074 | D:5      | Reached XP level 6. HP: 32/32 MP: 13/17
  4130 | D:5      | Reached skill level 1 in Charms
  4157 | D:5      | Reached skill level 3 in Charms
  4664 | D:5      | Reached skill level 7 in Spellcasting
  4664 | D:5      | Reached skill level 4 in Charms
  4876 | D:5      | Reached XP level 7. HP: 36/36 MP: 17/19
  5042 | D:5      | Reached ** piety under Cheibriados
  5042 | D:5      | Reached skill level 1 in Fighting
  5098 | D:5      | Learned a level 3 spell: Conjure Flame
  5128 | D:6      | Reached skill level 7 in Conjurations
  5339 | D:6      | Reached skill level 2 in Fighting
  5385 | D:6      | Noticed Grinder
  5391 | D:6      | Killed Grinder
  5391 | D:6      | Reached skill level 4 in Dodging
  5391 | D:6      | Reached XP level 8. HP: 45/45 MP: 7/20
  5582 | D:6      | Found a sparkling altar of Nemelex Xobeh.
  5585 | D:6      | Found an iron altar of Okawaru.
  5655 | D:6      | Reached skill level 3 in Fighting
  5658 | D:6      | Reached skill level 8 in Conjurations
  5671 | D:6      | Slain by a gnoll

Vault maps used:
D:1:      minmay_arrival_arboretum_small, item_on_display_a
D:2:      old_standard_altar, old_standard_altar, lemuel_doored_altar,
          ecumenical_altar_1
D:3:      makhleb_grotto_becter, first_bread
D:4:      kennysheep_the_goblin_king, lemuel_round_altar
D:5:      kennysheep_mini_moat, minmay_temple_entry_glass,
          nemelex_xobeh_ov_fountains_minmay
D:6:      minitemple, kennysheep_little_box, uniq_grinder,
          uniq_crazy_yiuf_cottage

Vanquished Creatures
  Grinder
  A black bear
  An ogre
  A phantom
  A centaur
  2 giant frogs
  A water moccasin skeleton
  A scorpion
  2 crimson imps
  A giant frog skeleton
  2 orc priests Ijyb
  3 orc wizards
  4 worker ants
  6 adders
  An ooze
  A worm
  3 giant geckos
  10 orcs
  7 bats
  2 giant cockroaches
  14 goblins
  3 hobgoblins
  10 jackals
  9 kobolds
  A quokka
  4 ball pythons
  3 giant newts
  A quokka skeleton
  4 rats
101 creatures vanquished.
